 Dungeon Crawl Stone Soup version 0.29.0-4-gdea44cf6ec (webtiles) character file.

Game seed: 11810218559191143477

112 qw the Chopper (level 4, -2/35 HPs)
             Began as a Demonspawn Cinder Acolyte on Sept 9, 2022.
             Was a High Priest of Ignis.
             Slain by Pikel
             ... wielding a +1 whip of freezing
              (4 damage)
             ... on level 4 of the Dungeon.
             The game lasted 00:01:04 (3139 turns).

qw the Chopper (Demonspawn Cinder Acolyte)          Turns: 3139, Time: 00:01:05

Health: -2/35      AC: 18    Str: 16    XL:     4   Next: 63%
Magic:  5/5        EV:  6    Int: 21    God:    Ignis [*****.]
Gold:   181        SH: 11    Dex:  9    Spells: 5/5 levels left

rFire   + + +      SeeInvis .   Y - -1 hand axe (flame)
rCold   . . .      Faith    .   k - +0 tower shield
rNeg    . . .      Spirit   .   l - +0 chain mail
rPois   +          Reflect  .   (helmet restricted)
rElec   .          Harm     .   o - +0 cloak {rPois}
rCorr   .          Rampage  .   p - +0 pair of gloves
Will    .....                   d - +0 pair of boots
Stlth   ..........              (no amulet)
HPRegen 0.11/turn               e - +4 ring of evasion
MPRegen 0.09/turn               h - ring "Batilye" {rF++ Int+6}

@: fiery-armoured
A: horns 1
a: Renounce Religion, Fiery Armour, Foxfire Swarm, Rising Flame


You were on level 4 of the Dungeon.
You worshipped Ignis.
Ignis was extremely pleased with you.
You visited 1 branch of the dungeon, and saw 4 of its levels.

You collected 181 gold pieces.


Innate Abilities, Weirdness & Mutations

You have a pair of small horns on your head.


   Skills:
 - Level 3.0 Fighting
 - Level 4.0 Axes
 + Level 2.6 Shields
 - Level 1.0 Spellcasting
 - Level 2.6 Fire Magic


You had 5 spell levels left.
You didn't know any spells.
Your spell library contained the following spells:

 Spells                   Type           Power      Damage    Failure   Level
 Scorch                   Fire           24%        2d6       100%        2

Inventory:

Hand Weapons
 Y - a -1 hand axe of flaming (weapon)
Armour
 d - a +0 pair of boots (worn)
 k - a +0 tower shield (worn)
 l - a +0 chain mail (worn)
 o - a +0 cloak of poison resistance (worn)
 p - a +0 pair of gloves (worn)
Jewellery
 e - a +4 ring of evasion (left hand)
 h - the ring "Batilye" (right hand) {rF++ Int+6}
   (You found it on level 3 of the Dungeon)

   [ring of intelligence]

   Int:       It affects your intelligence (+6).
   rF:        It greatly protects you from fire.
Scrolls
 a - a scroll of identify
 i - 3 scrolls of teleportation
Potions
 b - a potion of curing {unknown}
 c - a potion of cancellation {unknown}
 f - a potion of might {unknown}
 g - a potion of mutation {unknown}

Dungeon Overview and Level Annotations

Branches:
Dungeon (4/15)
 Temple: D:4-7

Altars:
Hepliaklqana

Annotations:
D:4 Pikel


Message History

Pikel is heavily wounded.
You closely miss the jackal. You completely miss the lemure.
The jackal closely misses you.
Pikel hits you with a +1 whip of freezing.
Pikel freezes you.
Pikel is burned by your cloak of flames.
Pikel is heavily wounded.
The lemure hits you but does no damage.
The lemure is burned by your cloak of flames.
The lemure is lightly wounded.
The jackal bites you but does no damage.
The jackal is burned by your cloak of flames.
The jackal is heavily wounded.
You closely miss Pikel. You headbutt Pikel.
Pikel is severely wounded.
You hit the jackal. You burn the jackal.
You kill the jackal!
You hit the lemure but do no damage. Pikel hits you but does no damage.
Pikel is burned by your cloak of flames.
Pikel is severely wounded.
You block the lemure's attack.
A lemure comes into view.
You block Pikel's attack. The lemure hits you but does no damage.
The lemure is burned by your cloak of flames.
The lemure is lightly wounded.
The lemure closely misses you.
You barely miss Pikel.
Pikel is severely wounded.
You hit the lemure but do no damage. You closely miss the lemure.
You block Pikel's attack. The lemure hits you!
The lemure is burned by your cloak of flames.
The lemure is moderately wounded.
The lemure barely misses you.
You hit Pikel but do no damage. Your headbutt misses Pikel.
Pikel is severely wounded.
You closely miss the lemure. You hit the lemure but do no damage.
Pikel hits you with a +1 whip of freezing!
Pikel freezes you.
You die...

5. . 5K #+##
.# ..
...###.# ##.
..#... .5
....# #.
#5.#
####.#.###5#
#......<5K@#
#...##...5##
. +.)..g...
#..###..hhh
#.. ...?.#
#... ...g..
#.#. ######
#.#.


You could see Pikel, 4 lemures and a goblin.

Vanquished Creatures
  4 adders
  A worm (D:2)
  A dart slug (D:3)
  6 ball pythons
  5 bats
  6 endoplasms
  A giant cockroach (D:1)
  5 goblins
  5 hobgoblins
  10 jackals
  4 quokkas
  3 frilled lizards
  7 kobolds
  7 rats
65 creatures vanquished.

Vanquished Creatures (others)
  14 plants (D:3)
14 creatures vanquished.

Grand Total: 79 creatures vanquished

Notes
Turn   | Place    | Note
-------+----------+-------------------------------------------
     0 | D:1      | qw the Demonspawn Cinder Acolyte began the quest for the
                  | Orb.
     0 | D:1      | Reached XP level 1. HP: 18/18 MP: 2/2
     0 | D:1      | 0 ||| qw: Version: 0.1-a-112-g44dc6cd
     0 | D:1      | 0 ||| qw: Game counter: 6878
     0 | D:1      | 0 ||| qw: Always use a shield: true
     0 | D:1      | 0 ||| qw: God list: Okawaru
     0 | D:1      | 0 ||| qw: Allow faded altars: false
     0 | D:1      | 0 ||| qw: Do Orc after D:15 true
     0 | D:1      | 0 ||| qw: Do second Lair branch before Depths: true
     0 | D:1      | 0 ||| qw: Lair rune preference: random
     0 | D:1      | 0 ||| qw: Plans: Normal
     0 | D:1      | 0 ||| PLANNING D:1-11
    51 | D:1      | 51 ||| Stepping ~*~*~tactically~*~*~ (stealth).
   102 | D:1      | Reached skill level 3 in Axes
   181 | D:1      | Gained mutation: You have a pair of small horns on your
                  | head. [demonic ancestry]
   181 | D:1      | Reached XP level 2. HP: 15/24 MP: 3/3
   545 | D:1      | 545 ||| INVOKING Fiery Armour.
   905 | D:1      | 905 ||| Stepping ~*~*~tactically~*~*~ (stealth).
   908 | D:1      | 908 ||| Stepping ~*~*~tactically~*~*~ (stealth).
  1057 | D:1      | 1057 ||| INVOKING Fiery Armour.
  1156 | D:1      | 1156 ||| Stepping ~*~*~tactically~*~*~ (stealth).
  1216 | D:1      | 1216 ||| Stepping ~*~*~tactically~*~*~ (stealth).
  1231 | D:1      | Reached XP level 3. HP: 26/29 MP: 4/4
  1400 | D:1      | Reached skill level 4 in Axes
  1427 | D:1      | 1427 ||| UPGRADING to +0 pair of boots.
  1432 | D:1      | 1432 ||| UPGRADING to +0 leather armour.
  1442 | D:1      | 1442 ||| DROPPING +0 robe.
  1443 | D:1      | 1443 ||| UPGRADING to +0 tower shield.
  1448 | D:1      | 1448 ||| UPGRADING to +0 chain mail.
  1458 | D:1      | 1458 ||| DROPPING +0 leather armour.
  1459 | D:1      | 1459 ||| READING 2 scrolls labelled RISHRU CYLU.
  1460 | D:1      | 1460 ||| READING scroll labelled KITE BE OSER.
  1476 | D:2      | 1476 ||| Stepping ~*~*~tactically~*~*~ (stealth).
  1643 | D:2      | Reached skill level 1 in Shields
  1658 | D:2      | Found a faded altar of an unknown god.
  1849 | D:2      | Reached XP level 4. HP: 32/35 MP: 5/5
  2309 | D:2      | 2309 ||| READING scroll labelled YMIGASSOTO.
  2310 | D:2      | 2310 ||| READING 2 scrolls labelled FUTWOG URGHIESK.
  2314 | D:2      | 2314 ||| DRINKING 3 bubbling brown potions.
  2419 | D:2      | 2419 ||| DROPPING 2 potions of berserk rage.
  2463 | D:2      | 2463 ||| UPGRADING to +4 ring of evasion.
  2464 | D:2      | 2464 ||| READING scroll labelled ULEUNI RICZOAMP.
  2489 | D:3      | Identified the ring "Batilye" {rF++ Int+6}
  2710 | D:3      | Found a faded altar of an unknown god.
  2710 | D:3      | Found a faded altar of an unknown god.
  2712 | D:3      | Found a hazy altar of Hepliaklqana.
  2754 | D:3      | 2754 ||| Stepping ~*~*~tactically~*~*~ (stealth).
  3090 | D:3      | 3090 ||| UPGRADING to +0 cloak of poison resistance.
  3095 | D:3      | 3095 ||| UPGRADING to +0 pair of gloves.
  3100 | D:3      | 3100 ||| UPGRADING to ring "Batilye" {rF++ Int+6}.
  3101 | D:3      | 3101 ||| READING scroll labelled MYGHIHU ZIENUA.
  3102 | D:3      | 3102 ||| READING scroll labelled YTOAHEHENEST.
  3103 | D:3      | 3103 ||| READING scroll labelled PIORPH ITHROCSAN.
  3123 | D:4      | Noticed Pikel
  3123 | D:4      | Noticed a lemure
  3124 | D:4      | Noticed a lemure
  3124 | D:4      | Noticed a lemure
  3125 | D:4      | 3125 ||| Stepping ~*~*~tactically~*~*~ (stealth).
  3126 | D:4      | 3126 ||| Stepping ~*~*~tactically~*~*~ (hiding).
  3127 | D:4      | 3127 ||| Stepping ~*~*~tactically~*~*~ (hiding).
  3131 | D:4      | 3131 ||| INVOKING Fiery Armour.
  3137 | D:4      | Noticed a lemure
  3139 | D:4      | HP: 2/35 [Pikel/+1 whip of freezing (8)]
  3139 | D:4      | Slain by Pikel

Levels and vault maps discovered:
D:1:      elethiomel_arrival_shortcut, layout_loops_ring
D:2:      layout_loops_cross, chequers_ecumenical_altar_simple_redux,
          minmay_pentomino_s2
D:3:      layout_loops_cross, nicolae_hepliaklqana_ecumenical_no_more,
          serial_bayou_pond_c, wad_floor_pattern_1, minmay_misc_feat_alley
D:4:      layout_basic, minmay_checkerbox, uniq_blork_the_orc, uniq_grinder,
          uniq_pikel

Skill      XL: |  1  2  3  4 |
---------------+-------------+-----
Axes           | 3 4 |  4.0
Shields        | 1 2 |  2.6
Fighting       | |  3.0
Spellcasting   | |  1.0
Fire Magic     | |  2.6

Action                   |  1- 3 |  4- 6 || total
-------------------------+-------+-------++-------
Melee: Hand axe          |   144 |    64 ||   208
       Headbutt          |    20 |     7 ||    27
Invok: Fiery Armour      |     2 |     1 ||     3
  Use: Scroll            |     2 |     6 ||     8
       Potion            |       |     1 ||     1
Armor: Robe              |    22 |       ||    22
       Chain mail        |    32 |    24 ||    56
Dodge: Dodged            |    57 |    11 ||    68
Block: Tower shield      |    34 |    37 ||    71

Table legend:
 A = Non-vault XP
 B = Vault XP
 C = Vault XP percentage of total XP
 D = Non-vault monster count
 E = Vault monster count
 F = Vault count percentage of total count
                 A         B        C        D         E       F
            +---------+---------+-------+---------+---------+-------
      Total |     145 |      15 |   9.4 |      63 |       2 |   3.1
            +---------+---------+-------+---------+---------+-------
        D:1 |      53 |       0 |   0.0 |      30 |       0 |   0.0
        D:2 |      55 |      15 |  21.4 |      19 |       2 |   9.5
        D:3 |      27 |       0 |   0.0 |       9 |       0 |   0.0
        D:4 |      10 |       0 |   0.0 |       5 |       0 |   0.0
            +---------+---------+-------+---------+---------+-------
